 Dungeon Crawl Stone Soup version 0.31-a0-188-g5e087ee2ca (webtiles) character file.

Game seed: 4041222298275434357

13 qw the Shooter (level 2, -1/16 HPs)
             Began as a Deep Elf Hunter on June 23, 2023.
             Succumbed to their own poison gas
             ... on level 1 of the Dungeon.
             The game lasted 00:00:11 (495 turns).

qw the Shooter (Deep Elf Hunter)                     Turns: 495, Time: 00:00:11

Health: -1/16      AC:  3    Str:  8    XL:     2   Next: 24%
Magic:  4/4        EV: 12    Int: 13    God:
Gold:   23         SH:  0    Dex: 18    Spells: 1/1 levels left

rFire   . . .        Y - +0 shortbow
rCold   . . .        (shield currently unavailable)
rNeg    . . .        c - +0 leather armour
rPois   .            (no helmet)
rElec   .            (no cloak)
rCorr   .            (no gloves)
SInv    .            (no boots)
Will    .....        (no amulet)
Stlth   ++           (no ring)
HPRegen 0.22/turn    (no ring)
MPRegen 0.09/turn

%: no passive effects
@: lethally poisoned (-1 -> -15)
A: no striking features
a: no special abilities


You were on level 1 of the Dungeon.
You visited 1 branch of the dungeon, and saw 1 of its levels.

You collected 23 gold pieces.


   Skills:
 - Level 1.5 Fighting
 + Level 6.1 Ranged Weapons
 - Level 2.4 Dodging
 - Level 1.2 Stealth


You had one spell level left.
You didn't know any spells.
Your spell library was empty.

Inventory:

Hand Weapons
 Y - a +0 shortbow (weapon)
Armour
 c - a +0 leather armour (worn)
Potions
 h - a potion of heal wounds {unknown}

Dungeon Overview and Level Annotations

Branches:
Dungeon (1/15)

Altars:


Message History

Enter note: Done exploring.
489 ||| READING scroll labelled COSTRYIMOLUI.
The air fills with toxic fumes!
As you read the scroll labelled COSTRYIMOLUI, it crumbles to dust.
It was a scroll of poison.
Done exploring.
490 ||| READING scroll labelled CETSYC MUA.
As you read the scroll labelled CETSYC MUA, it crumbles to dust.
It is a scroll of identify.
Really abort (and waste the scroll)?
Done exploring.
491 ||| READING 2 scrolls labelled BAEQIR BUDARRI.
As you read the scroll labelled BAEQIR BUDARRI, it crumbles to dust.
The air around you briefly surges with heat, but it dissipates.
It was a scroll of immolation.
Done exploring.
492 ||| DROPPING scroll of butterflies.
You drop a scroll of butterflies.
Done exploring.
493 ||| DROPPING scroll of immolation.
You drop a scroll of immolation.
Done exploring.
(D) Dungeon
Where to? (* - list waypoints, ? - help)
What level of the Dungeon? (default 1, ? - help) Sorry, I don't know how to get there.
Enter note:
Enter note:
Enter note:
Enter note:
Enter note:
Enter note:
Enter note:
Enter note:
Enter note: Really walk into that cloud of poison gas?
You are engulfed in poison gas.
You are lethally poisoned!
Ouch! That really hurt!
You feel very sick.
495 ||| Stepping ~*~*~tactically~*~*~ (cloud).
You die...

...####.......# #.#######
..............# #¤¤.....# #######
.#..###.......###¤#####.# #......
.#.........(.....¤#####0###......
....###.#...#.###¤##.¤0..........
###.# #.......# #¤##¤##¤###......
###.# ####.#### #¤¤0¤¤¤¤# #......
....# #...# ##¤¤¤¤¤¤0###......
##### #...# #@¤¤¤¤¤0¤.##......
..# #...# #¤#¤##¤#¤.######## #.#
#...# #0#.¤.....#### #.#
#...####¤####.......#####
..#######...#..¤0## #..#.##......
.............###¤.###..#.##.%....
.............# #¤................
...........>.###...##..#.##......
..#####.........##.#.0¤..........


There were no monsters in sight!

Vanquished Creatures
  2 endoplasms (D:1)
  A giant cockroach (D:1)
  2 kobolds (D:1)
  4 ball pythons (D:1)
  A bat (D:1)
  A frilled lizard (D:1)
  3 rats (D:1)
14 creatures vanquished.

Notes
Turn   | Place    | Note
-------+----------+-------------------------------------------
     0 | D:1      | qw the Deep Elf Hunter began the quest for the Orb.
     0 | D:1      | Reached XP level 1. HP: 12/12 MP: 3/3
     0 | D:1      | 0 ||| qw: Version: 0.3-a-9-g12657ce
     0 | D:1      | 0 ||| qw: Game counter: 3757
     0 | D:1      | 0 ||| qw: Always use a shield: true
     0 | D:1      | 0 ||| qw: God list: Okawaru
     0 | D:1      | 0 ||| qw: Allow faded altars: false
     0 | D:1      | 0 ||| qw: Do Orc after D:15 true
     0 | D:1      | 0 ||| qw: Do second Lair branch before Depths: true
     0 | D:1      | 0 ||| qw: Lair rune preference: random
     0 | D:1      | 0 ||| qw: Plans: Normal
     0 | D:1      | 0 ||| PLANNING D:1-11
   119 | D:1      | Reached XP level 2. HP: 16/16 MP: 4/4
   139 | D:1      | Reached skill level 6 in Ranged Weapons
   485 | D:1      | 485 ||| READING scroll labelled JIRHAL ZOMUI.
   489 | D:1      | 489 ||| READING scroll labelled COSTRYIMOLUI.
   490 | D:1      | 490 ||| READING scroll labelled CETSYC MUA.
   491 | D:1      | 491 ||| READING 2 scrolls labelled BAEQIR BUDARRI.
   492 | D:1      | 492 ||| DROPPING scroll of butterflies.
   493 | D:1      | 493 ||| DROPPING scroll of immolation.
   494 | D:1      | HP: 3/16 [poisoned by you (poison gas)]
   495 | D:1      | 495 ||| Stepping ~*~*~tactically~*~*~ (cloud).
   495 | D:1      | Succumbed to their own poison gas

Levels and vault maps discovered:
D:1:      heliophobic_arrival_enchanted_forest, layout_loops_cross

Skill      XL: |  1  2 |
---------------+-------+-----
Ranged Weapons | 6 |  6.1
Fighting       | |  1.5
Dodging        | |  2.4
Stealth        | |  1.2

Action                     || total
---------------------------++-------
   Fire: Shortbow          ||    33
    Use: Scroll            ||     4
 Armour: Leather armour    ||     4
  Dodge: Dodged            ||     4

Table legend:
 A = Non-vault XP
 B = Vault XP
 C = Vault XP percentage of total XP
 D = Non-vault monster count
 E = Vault monster count
 F = Vault count percentage of total count
                 A         B        C        D         E       F
            +---------+---------+-------+---------+---------+-------
      Total |      19 |       0 |   0.0 |      14 |       0 |   0.0
            +---------+---------+-------+---------+---------+-------
        D:1 |      19 |       0 |   0.0 |      14 |       0 |   0.0
            +---------+---------+-------+---------+---------+-------
